 Dungeon Crawl Stone Soup version 0.28.0-47-ge53b351184 (webtiles) character file.

Game seed: 7253973226652897883

250 warriortoast the Magician (level 5, -6/28 HPs)
             Began as a Deep Elf Fire Elementalist on Apr 26, 2022.
             Was an Initiate of Vehumet.
             Killed from afar by a steam dragon (13 damage)
             ... with a ball of steam
             ... on level 5 of the Dungeon.
             The game lasted 00:09:33 (3545 turns).

warriortoast the Magician (DEFE)                    Turns: 3545, Time: 00:09:34

Health: -6/28      AC:  4    Str:  5    XL:     5   Next: 88%
Magic:  11/14      EV: 27    Int: 22    God:    Vehumet [......]
Gold:   181        SH:  0    Dex: 15    Spells: 8/14 levels left

rFire   . . .      SeeInvis .   (no weapon)
rCold   . . .      Faith    .   (no shield)
rNeg    . . .      Spirit   .   a - +0 robe
rPois   .          Reflect  .   c - +1 hat
rElec   .          Harm     .   p - +0 cloak
rCorr   .          Rampage  .   (no gloves)
Will    .....                   (no boots)
Stlth   ++........              n - amulet of the acrobat
HPRegen 0.09/turn               (no ring)
MPRegen 0.14/turn               (no ring)

@: acrobatic
A: no striking features
a: Renounce Religion


You were on level 5 of the Dungeon.
You worshipped Vehumet.
Vehumet was noncommittal.
You visited 2 branches of the dungeon, and saw 5 of its levels.

You collected 181 gold pieces.

Inventory:

Armour
 a - a +0 robe (worn)
 c - a +1 hat (worn)
 p - a +0 cloak (worn)
Jewellery
 n - an amulet of the acrobat (around neck)
 r - a ring of magical power
Wands
 l - a wand of paralysis (9)
 q - a wand of flame (26)
Scrolls
 d - 5 scrolls of identify {unknown}
 f - a scroll of noise {unknown}
 g - 3 scrolls of teleportation {unknown}
 h - a scroll of immolation {unknown}
 m - 2 scrolls of blinking {unknown}
 o - a scroll of fear {unknown}
Potions
 b - a potion of might {unknown}
 e - a potion of curing {unknown}
 i - a potion of lignification {unknown}
 j - 3 potions of attraction {unknown}
 k - a potion of cancellation {unknown}


   Skills:
 - Level 2.4 Dodging
 - Level 2.4 Stealth
 + Level 5.4 Spellcasting
 + Level 3.7 Conjurations
 + Level 4.9 Fire Magic


You had 8 spell levels left.
You knew the following spells:

 Your Spells              Type           Power      Damage    Failure   Level
a - Foxfire               Conj/Fire      100%       2x1d9     1%          1
b - Scorch                Fire           54%        2d8       1%          2
c - Conjure Flame         Conj/Fire      25%        6-21      4%          3

Your spell library contained the following spells:

 Spells                   Type           Power      Damage    Failure   Level
 Inner Flame              Hex/Fire       16%        N/A       11%         3
 Flame Wave               Conj/Fire      25%        2d7       16%         4


Dungeon Overview and Level Annotations

Branches:
Dungeon (5/15)             Temple (1/1) D:4

Altars:
Cheibriados
Gozag
Kikubaaqudgha
Makhleb
Nemelex Xobeh
Okawaru
Qazlal
Uskayaw
Vehumet
Xom
Zin
The Shining One

Annotations:
D:4 1 runed translucent door, Rudyous's ghost, novice DrBe


Message History

Could not travel, unopened runed door.
Could not explore, unopened runed door.
Could not explore, unopened runed door.
The adder hisses angrily.
There is a stone staircase leading down here.
You climb downwards.
There is a stone staircase leading up here.
Found a stone staircase leading down.
There is a stone staircase leading down here.
g - 3 scrolls labelled RARUISYTWA (gained 1)
r - a ring of magical power You now have 166 gold pieces (gained 21).
Found a stone staircase leading up.
There is a stone staircase leading up here.
You now have 181 gold pieces (gained 15).
You enter the shallow water.
Moving in this stuff is going to be slow.
A steam dragon comes into view.
You conjure some foxfire!
You conjure some foxfire!
The foxfire hits the steam dragon but does no damage.
The steam dragon hisses angrily.
You conjure some foxfire!
The foxfire hits the steam dragon.
The steam dragon is moderately wounded.
You conjure some foxfire!
The foxfire hits the steam dragon.
The steam dragon is moderately wounded.
The foxfire hits the steam dragon.
The steam dragon is heavily wounded.
The steam dragon breathes steam at you. The ball of steam hits your foxfire.
Your foxfire resists.
The ball of steam hits you! The ball of steam hits your foxfire.
Your foxfire resists.
The foxfire hits the steam dragon.
The steam dragon is heavily wounded.
You are engulfed in a cloud of scalding steam.
* * * LOW HITPOINT WARNING * * *
The steam dragon breathes steam at you. The ball of steam hits you!
You die...

........####.#
..........##.###
...............#
..............##
..............#
.............#########
.....................###
..........#..#.........#
.............##.@#.....#
........#.##..##§##...##
.......... ...#.§# ...#
........#........D§..##
.##.. .. .#........§...#
## ##.......§.... #
...........### #
............# ..
............#


There were no monsters in sight!

Vanquished Creatures
  A phantom (D:4)
  A hound (D:4)
  Ijyb (D:4)
  An iguana (D:4)
  An orc wizard (D:4)
  An adder (D:4)
  A worm (D:2)
  2 dart slugs
  4 bats
  6 endoplasms
  3 giant cockroaches
  5 hobgoblins
  10 jackals
  A quokka (D:4)
  2 ball pythons (D:1)
  2 frilled lizards
  6 goblins
  8 kobolds
  3 rats
59 creatures vanquished.

Vanquished Creatures (others)
  230 foxfires
230 creatures vanquished.

Grand Total: 289 creatures vanquished

Notes
Turn   | Place    | Note
-------+----------+-------------------------------------------
     0 | D:1      | warriortoast the Deep Elf Fire Elementalist began the quest
                  | for the Orb.
     0 | D:1      | Reached XP level 1. HP: 10/10 MP: 6/6
   298 | D:1      | Reached XP level 2. HP: 15/15 MP: 1/8
  1002 | D:1      | Reached XP level 3. HP: 19/19 MP: 6/10
  1327 | D:1      | Learned a level 2 spell: Scorch
  1331 | D:1      | Learned a level 3 spell: Conjure Flame
  1549 | D:2      | Reached skill level 4 in Spellcasting
  2092 | D:2      | You fall into a shaft and drop 2 floors!
  2092 | D:4      | Found a hide-covered altar of Uskayaw.
  2190 | D:4      | Reached XP level 4. HP: 24/24 MP: 7/12
  2266 | D:4      | Noticed Ijyb
  2275 | D:4      | Killed Ijyb
  2467 | D:4      | Found a staircase to the Ecumenical Temple.
  2478 | Temple   | Entered the Ecumenical Temple
  2525 | Temple   | Became a worshipper of Vehumet
  2934 | D:4      | Found a burning altar of Makhleb.
  3048 | D:4      | Found a runed translucent door.
  3150 | D:4      | Found a glowing golden altar of the Shining One.
  3195 | D:4      | Noticed a phantom
  3206 | D:4      | Killed a phantom
  3207 | D:4      | Reached skill level 5 in Spellcasting
  3207 | D:4      | Reached XP level 5. HP: 28/28 MP: 3/14
  3419 | D:4      | Noticed Rudyous's ghost (novice DrBe)
  3462 | D:5      | Entered Level 5 of the Dungeon
  3535 | D:5      | Noticed a steam dragon
  3545 | D:5      | Killed from afar by a steam dragon

Illustrated notes

Levels and vault maps discovered:
D:1:      dpeg_arrival_connections, layout_loops_ring
D:2:      layout_basic
D:4:      layout_loops_ring, eat_drink_and_be_merry_uskayaw,
          kennysheep_little_box, tso_oasis_becter, minmay_temple_entry_mist,
          ebering_ghost_sewer_d, minmay_fractal_squares_gapless_5, uniq_ijyb
D:5:      layout_cave_pools, nicolae_dithmenos_the_darkroom, serial_shops,
          nicolae_shop_behind_doors, ebering_ghost_rock_garden,
          serial_bayou_pond_d, kennysheep_dice
Temple:   jpeg_temple_island

Skill      XL: |  1  2  3  4 |
---------------+-------------+-----
Conjurations   | 2 3 |  3.7
Spellcasting   | 4 5 |  5.4
Fire Magic     | 4 |  4.9
Dodging        | |  2.4
Stealth        | |  2.4

Action                   |  1- 3 |  4- 6 || total
-------------------------+-------+-------++-------
 Cast: Foxfire           |   112 |    42 ||   154
       Scorch            |     5 |     7 ||    12
       Conjure Flame     |       |     1 ||     1
Dodge: Dodged            |     3 |     3 ||     6
